 Dungeon Crawl Stone Soup version 0.30-b1-2-g02819fbbbe (webtiles) character file.

Game seed: 13710261404633882197

1578308 raph the Conqueror (level 26, 266/266 HPs)
             Began as a Minotaur Fighter on May 14, 2023.
             Was a High Priest of Okawaru.
             Escaped with the Orb
             ... and 3 runes on May 15, 2023!
             The game lasted 02:24:16 (78711 turns).

raph the Conqueror (Minotaur Fighter)              Turns: 78711, Time: 02:24:16

Health: 266/266    AC: 44    Str: 30      XL:     26   Next: 56%
Magic:  30/30      EV: 24    Int:  4      God:    Okawaru [*****.]
Gold:   1685       SH: 33    Dex: 20 (21) Spells: 25/25 levels left

rFire   + + +        b - +9 double sword of Big Damage {holy, rF+ rN+ Int+3}
rCold   + + +        M - +7 tower shield {rC+}
rNeg    + . .        c - +8 gold dragon scales
rPois   +            Q - +1 hat of Absence {rPois Str+5}
rElec   .            X - +2 cloak of Vuawaynemn {Slay+2}
rCorr   .            u - +2 pair of gloves {Dex+3}
SInv    .            N - +1 pair of boots of Insecurity {rC+ Dex+2}
Will    +....        G - amulet of regeneration Stlth
                     w - +5 ring of evasion
HPRegen 1.44/turn    f - ring "Latut" {rPois rF+ Str+2 Stlth+}
MPRegen 0.22/turn

%: no passive effects
@: studying Short Blades
A: horns 2, retaliatory headbutt, clumsy 2, deterioration 1, dopey 2, screaming
1, subdued magic 3, inability to read after injury 1
0: Orb of Zot
}: 3/15 runes: serpentine, barnacled, silver
a: Renounce Religion, Heroism, Finesse, Duel


You escaped.
You worshipped Okawaru.
Okawaru was extremely pleased with you.
You visited 10 branches of the dungeon, and saw 48 of its levels.
You visited 1 bazaar.
You also visited: Bailey, Gauntlet, Ice Cave and Volcano.

You collected 8967 gold pieces.
You spent 7282 gold pieces at shops.

Inventory:

Hand Weapons
 a - a +9 demon blade of flaming
 b - the +9 double sword of Big Damage (weapon) {holy, rF+ rN+ Int+3}
   (Okawaru gifted it to you on level 3 of the Shoals)

   Int:       It affects your intelligence (+3).
   rF:        It protects you from fire.
   rN:        It protects you from negative energy.
Missiles
 s - 6 throwing nets
 y - 12 javelins (quivered)
 R - 17 silver javelins
 Z - 12 curare-tipped darts
Armour
 c - +8 gold dragon scales (worn)
 u - a +2 pair of gloves of dexterity (worn)
 M - a +7 tower shield of cold resistance (worn)
 N - the +1 pair of boots of Insecurity (worn) {rC+ Dex+2}
   (You bought it in a shop on level 7 of the Dungeon)

   Dex:       It affects your dexterity (+2).
   rC:        It protects you from cold.
 Q - the +1 hat of Absence (worn) {rPois Str+5}
   (Okawaru gifted it to you on level 4 of the Vaults)

   Str:       It affects your strength (+5).
   rPois:     It protects you from poison.
 X - the +2 cloak of Vuawaynemn (worn) {Slay+2}
   (You bought it in a shop on level 2 of the Orcish Mines)

   Slay:      It affects your accuracy & damage with ranged weapons and melee
   (+2).
Jewellery
 f - the ring "Latut" (right hand) {rPois rF+ Str+2 Stlth+}
   (You found it on level 12 of the Dungeon)

   [ring of protection from fire]

   Str:       It affects your strength (+2).
   rF:        It protects you from fire.
   rPois:     It protects you from poison.
   Stlth:     It makes you more stealthy.
 w - a +5 ring of evasion (left hand)
 z - the amulet of the Four Winds {rN+ Will+++ Clar}
   (You found it in an ice cave)

   [amulet of nothing]

   rN:        It protects you from negative energy.
   Clar:      It protects you from confusion, rage, mesmerisation and fear.
   Will:      It greatly increases your willpower.
 C - a +4 ring of slaying
 D - a ring of resist corrosion
 G - an amulet of regeneration (around neck)
 H - a ring of see invisible
 I - the ring of Paec {rN+ Dex+6}
   (You found it on level 4 of the Realm of Zot)

   [ring of dexterity]

   Dex:       It affects your dexterity (+6).
   rN:        It protects you from negative energy.
 S - a +4 ring of protection
Wands
 l - a wand of flame (32)
 J - a wand of light (32)
 L - a wand of roots (56)
 O - a wand of mindburst (26)
Scrolls
 e - 6 scrolls of immolation
 h - 20 scrolls of teleportation
 k - 4 scrolls of blinking
 m - 6 scrolls of silence
 x - 10 scrolls of fear
 T - 6 scrolls of fog
 W - 7 scrolls of amnesia
 Y - 5 scrolls of poison
Potions
 d - 5 potions of might
 g - 9 potions of flight
 i - 6 potions of invisibility
 j - a potion of heal wounds
 n - 9 potions of berserk rage
 o - 5 potions of brilliance
 p - 32 potions of curing
 q - 15 potions of mutation
 v - 5 potions of haste
 E - a potion of resistance
 F - 2 potions of cancellation
 P - a potion of ambrosia
 U - 2 potions of magic
Miscellaneous
 r - a phial of floods
 A - a tin of tremorstones (2/2)
 K - a lightning rod (4/4)


   Skills:
 O Level 27 Fighting
 * Level 24.5 Long Blades
 - Level 5.0 Ranged Weapons
 + Level 15.7 Throwing
 + Level 23.3 Armour
 + Level 21.3 Dodging
 * Level 25.4 Shields
 - Level 11.2 Invocations
 - Level 8.6 Evocations


You had 25 spell levels left.
You didn't know any spells.
Your spell library contained the following spells:

 Spells                   Type           Power      Damage    Failure   Level
 Foxfire                  Conj/Fire      0%         2x1d4     98%         1
 Sandblast                Erth           0%         2d4       98%         1
 Shock                    Conj/Air       0%         1d3       98%         1
 Blink                    Tloc           0%         N/A       99%         2
 Cigotuvi's Dreadful Rot  Necr/Pois/Air  0%         N/A       99%         2
 Ensorcelled Hibernation  Hex/Ice        0%         N/A       99%         2
 Lesser Beckoning         Tloc           0%         N/A       99%         2
 Momentum Strike          Conj/Tloc      0%         3d8       99%         2
 Passwall                 Tmut/Erth      0%         N/A       99%         2
 Poisonous Vapours        Pois/Air       0%         N/A       99%         2
 Scorch                   Fire           0%         2d5       99%         2
 Searing Ray              Conj           0%         2d4       99%         2
 Sublimation of Blood     Necr           0%         N/A       99%         2
 Wereblood                Tmut           0%         N/A       99%         2
 Dazzling Flash           Conj/Hex       0%         N/A       100%        3
 Frozen Ramparts          Ice            0%         1d1       100%        3
 Gell's Gravitas          Tloc           0%         N/A       100%        3
 Hailstorm                Conj/Ice       0%         3d3       100%        3
 Ignite Poison            Fire/Tmut/Pois 0%         N/A       100%        3
 Inner Flame              Hex/Fire       0%         N/A       100%        3
 Ozocubu's Armour         Ice            0%         N/A       100%        3
 Portal Projectile        Hex/Tloc       0%         N/A       100%        3
 Swiftness                Air            0%         N/A       100%        3
 Teleport Other           Tloc           0%         N/A       100%        3
 Vhi's Electric Charge    Tloc/Air       0%         N/A       100%        3
 Volatile Blastmotes      Fire/Tloc      0%         2d10      100%        3
 Airstrike                Air            0%         2d(0-16)  100%        4
 Anguish                  Hex/Necr       0%         N/A       100%        4
 Cause Fear               Hex            0%         N/A       100%        4
 Flame Wave               Conj/Fire      0%         2d4       100%        4
 Fulminant Prism          Conj/Hex       0%         3d5       100%        4
 Ice Form                 Ice/Tmut       0%         N/A       100%        4
 Iskenderun's Mystic Bla  Conj/Tloc      0%         2d3       100%        4
 Leda's Liquefaction      Hex/Erth       0%         N/A       100%        4
 Manifold Assault         Tloc           0%         N/A       100%        4
 Passage of Golubria      Tloc           0%         N/A       100%        4
 Petrify                  Tmut/Erth      0%         N/A       100%        4
 Sticky Flame             Conj/Fire      0%         2d3       100%        4
 Agony                    Necr           0%         N/A       100%        5
 Arcjolt                  Conj/Air       0%         1d10      100%        5
 Blade Hands              Tmut           0%         N/A       100%        5
 Borgnjor's Vile Clutch   Necr/Erth      0%         N/A       100%        5
 Freezing Cloud           Conj/Ice/Air   0%         6-21      100%        5
 Irradiate                Conj/Tmut      0%         3d11      100%        5
 Iskenderun's Battlesphe  Conj           0%         2d6       100%        5
 Lee's Rapid Deconstruct  Erth           0%         3d4*      100%        5
 Metabolic Englaciation   Hex/Ice        0%         N/A       100%        5
 Silence                  Hex/Air        0%         N/A       100%        5
 Yara's Violent Unravell  Hex/Tmut       0%         3d3       100%        5
 Conjure Ball Lightning   Conj/Air       0%         3x3d6     100%        6
 Dispersal                Tloc           0%         N/A       100%        6
 Iron Shot                Conj/Erth      0%         9d1       100%        6
 Plasma Beam              Fire/Air       0%         2x1d11    100%        6
 Statue Form              Tmut/Erth      0%         N/A       100%        6
 Dragon Form              Tmut           0%         N/A       100%        7
 Enfeeble                 Hex            0%         N/A       100%        7
 Orb of Destruction       Conj           0%         9d5       100%        7
 Ozocubu's Refrigeration  Ice            0%         4d7       100%        7
 Storm Form               Tmut/Air       0%         N/A       100%        7
 Discord                  Hex            0%         N/A       100%        8
 Disjunction              Tloc           0%         N/A       100%        8
 Ignition                 Fire           0%         3d3       100%        8
 Lehudib's Crystal Spear  Conj/Erth      0%         10d2      100%        8
 Maxwell's Capacitive Co  Air            0%         ∞         100%        8
 Shatter                  Erth           0%         3d5*      100%        9
 Call Canine Familiar     Summ           Unusable   N/A       N/A         3
 Summon Guardian Golem    Hex/Summ       Unusable   N/A       N/A         3
 Animate Dead             Necr           Unusable   N/A       N/A         4
 Summon Ice Beast         Ice/Summ       Unusable   N/A       N/A         4
 Summon Lightning Spire   Summ/Air       Unusable   N/A       N/A         4
 Death Channel            Necr           Unusable   N/A       N/A         6
 Simulacrum               Ice/Necr       Unusable   N/A       N/A         6
 Summon Cactus Giant      Summ           Unusable   N/A       N/A         6
 Spellforged Servitor     Conj/Summ      Unusable   N/A       N/A         7
 Summon Hydra             Summ           Unusable   N/A       N/A         7
 Dragon's Call            Summ           Unusable   N/A       N/A         9

Dungeon Overview and Level Annotations

Branches:
Dungeon (15/15)            Temple (1/1) D:5            Lair (5/5) D:9
 Shoals (4/4) Lair:2        Snake (4/4) Lair:2        Slime (0/5) Lair:4
    Orc (2/2) D:11            Elf (3/3) Orc:2        Vaults (5/5) D:13
  Crypt (0/3) Vaults:3     Depths (4/4) D:15            Zot (5/5) Depths:4
 Bailey (visited)           IceCv (visited)         Volcano (visited)
Gauntlet (visited)

Altars:
Ashenzari
Cheibriados
Dithmenos
Elyvilon
Fedhas
Gozag
Hepliaklqana
Kikubaaqudgha
Makhleb
Nemelex Xobeh
Okawaru
Qazlal
Ru
Sif Muna
Trog
Uskayaw
Vehumet
Wu Jian
Xom
Yredelemnul
Zin
The Shining One
Jiyva

Shops:
D:7 [([   D:10 [   D:13 [   Orc:2 [!=:   Elf:2 ?[[   Shoals:1 *   Shoals:2 (
Shoals:3 (:   Snake:2 ([[   Vaults:1 (   Vaults:2 [   Vaults:3 [   Vaults:4 (
Vaults:5 ?[=:   Depths:1 (

Portals:
Hell: Lair:5 Depths:1 Depths:2 Depths:3 Depths:4
Abyss: Depths:1 Depths:3 Depths:4
Pandemonium: Depths:2 Depths:3
Ziggurat: Depths:1

Annotations:
D:10 1 transporter
Lair:3 exclusion: oklob plant
Shoals:3 3 runed translucent doors, sausages's ghost, adept GrEE
Snake:2 2 transporters, Dadghomedgh's ghost, adept GnHW
Elf:1 1 runed translucent door
Elf:3 2 transporters, Notanamesir's ghost, adept MiHu
Zot:2 Tiamat


Innate Abilities, Weirdness & Mutations

You have a pair of horns on your head.
You reflexively headbutt those who attack you in melee.
You are very clumsy. (Dex -4)
Your body sometimes deteriorates upon taking damage.
You are very dopey. (Int -4)
You occasionally shout uncontrollably at your foes.
Your spells are much easier to cast, but much less powerful.
You occasionally lose the ability to read scrolls when taking damage.


Message History

The Executioner misses you. You block the Executioner's attack.
The Executioner misses you.
You gain the combat prowess of a mighty hero.
The Executioner barely misses you. You furiously retaliate!
You headbutt the Executioner. You block the Executioner's attack. x2
The Executioner barely misses you. You furiously retaliate!
You headbutt the Executioner! You block the Executioner's attack. x2
You miss the Executioner.
The Executioner is heavily wounded.
You block the Executioner's attack. x3
You hit the Executioner.
The Executioner convulses.
You headbutt the Executioner!
The Executioner is severely wounded.
The Executioner gestures.
The Executioner seems to speed up.
You slash the Executioner!
The Executioner convulses.
You kill the Executioner!
Okawaru accepts your kill.
You start resting.
Your extra speed is starting to run out.
There is a stone staircase leading up here.
You start resting.
You feel yourself slow down.
You start resting.
You feel like a meek peon again.
You start resting.
A Sas Bus, a large abomination and a rust devil come into view.
The rust devil screeches!
You climb upwards.
There is a stone staircase leading down here.
There is a stone staircase leading up here.
You start resting.
HP restored.
You climb upwards.
There is a stone staircase leading down here.
Things that are here:
a +0 dagger; a +0 dagger You see here a +0 club.
There is a staircase leading out of the dungeon here.
You have escaped!

##.........###....#....## #...#
#.#.#.#...##...........## #....
##.#.#.....#.....###.....# #...#
...#.#.#..##.....# #.....## ##.##
####.#.##.#.....## ##.....# #.#
.....#.##.#..#..# #..#..####.##
###.##....#..#..# #..#..#......
##...####'#.....## ##.....####.##
#.....##..##....@# #.....### #.#
...........#.....###.....#.###.##
#..........##.....#.....##.##....
.#..........##.........###.##.#..
.............###.....###.........
.##.#.........############.......
###.##..[....## #.# ####.###
............## #####.#### #.# #
.##.###....## #........# #.###


There were no monsters in sight!

Vanquished Creatures
  3 dread liches
  4 ancient liches
  8 orbs of fire
  4 juggernauts
  Mara (Depths:2)
  Parghit (Depths:4)
  2 pandemonium lords
  Margery (Vaults:2)
  5 Killer Klowns (Zot:5)
  Vashnia (Arena)
  5 caustic shrikes
  4 curse toes
  8 golden dragons
  Nikola (Vaults:1)
  A golden dragon (shapeshifter) (Vaults:5)
  2 Tzitzimimeh (Zot:4)
  A hellephant (Depths:3)
  5 electric golems
  9 tentacled monstrosities
  A walking crystal tome (Depths:2)
  Mlioglotl (Shoals:4)
  A lich (Depths:3)
  A walking earthen tome (Depths:2)
  23 Orb Guardians
  8 titans
  9 quicksilver dragons
  5 deep elf master archers (Elf:3)
  5 deep elf blademasters (Elf:3)
  12 death cobs
  A walking divine tome (Depths:2)
  6 sphinxes
  3 krakens
  An Executioner (D:3)
  8 tengu reavers
  5 shadow dragons
  21 storm dragons
  3 draconian monks
  10 nagarajas
  21 fire giants
  7 draconian knights
  2 deep elf sorcerers (Elf:1)
  8 frost giants
  6 iron dragons
  23 vault wardens
  5 draconian scorchers
  10 draconian shifters
  4 deep elf elementalists (Elf:3)
  6 draconian stormcallers
  2 ghost moths
  23 ironbound preservers
  An orc warlord (Vaults:1)
  5 draconian annihilators
  2 spriggan defenders (Depths:3)
  A cacodemon (Depths:3)
  31 very ugly things
  11 ironbound thunderhulks
  3 war gargoyles
  19 stone giants
  The ghost of Dirian the Severer, a journeyman MiBe of Trog (D:14)
  Nessos (D:15)
  9 green draconians
  2 deep elf demonologists
  A vampire knight (Depths:1)
  Azrael (D:15)
  A minotaur (Gauntlet)
  11 yellow draconians
  11 white draconians
  8 black draconians
  18 purple draconians
  7 deep elf annihilators
  3 dire elephants
  8 red draconians
  5 spark wasps
  23 ettins
  9 deep elf death magi
  A merfolk javelineer (Shoals:4)
  11 merfolk impalers
  16 yaktaur captains
  10 fire dragons
  A great orb of eyes (Vaults:4)
  3 entropy weavers
  4 hydras
  A deep elf high priest (Vaults:5)
  Erolcha (D:13)
  A hell beast (Lair:5)
  2 salamander tyrants
  4 rakshasas
  3 ogre magi
  35 vault guards
  5 merfolk aquamancers
  4 spriggan air magi
  2 catoblepae
  12 ironbound frosthearts
  2 merfolk avatars
  2 death knights (Vaults:3)
  Erica (D:11)
  8 ice dragons
  13 two-headed ogres
  5 anacondas
  25 dancing weapons
  A satyr (Shoals:3)
  14 centaur warriors
  4 death yaks (Lair:1)
  4 boulder beetles
  11 deep troll shamans
  9 hell hogs
  3 vampire magi
  24 naga warriors
  Urug (D:11)
  5 tengu warriors
  4 spriggan berserkers
  19 naga sharpshooters
  8 deep troll earth magi
  2 shock serpents (shapeshifter)
  2 orc high priests
  4 shock serpents
  16 deep elf knights
  10 hell knights
  Nergalle (Orc:1)
  5 salamander mystics
  2 skeletal warriors (D:15)
  2 soul eaters (Depths:3)
  A sun demon (Depths:3)
  A shadow wraith (Vaults:3)
  55 deep trolls
  3 skysharks
  4 iron trolls
  A sixfirhy (Gauntlet)
  2 glowing orange brains
  3 flayed ghosts
  5 naga ritualists
  19 sea snakes
  An obsidian statue (Volcano)
  A harpy (shapeshifter) (Vaults:4)
  27 ironbound convokers
  10 necromancers
  12 deep elf archers
  18 mana vipers
  5 lindwurms
  10 wizards
  11 phantasmal warriors
  A mana viper (shapeshifter) (Depths:2)
  32 deep elf zephyrmancers
  3 orc knights
  A frost giant zombie (D:15)
  27 deep elf pyromancers
  16 harpies
  A manticore (shapeshifter) (Depths:2)
  8 fauns
  An orc sorcerer (Orc:1)
  7 cyclopes
  12 salamanders
  20 moths of wrath
  21 ugly things
  A frost giant skeleton (D:15)
  13 manticores
  3 ice statues
  14 elephants
  8 merfolk sirens
  A centaur zombie (D:14)
  21 vault sentinels
  A smoke demon (Lair:5)
  5 water nymphs
  7 guardian serpents
  14 naga magi
  30 black mambas
  11 cane toads
  A torpor snail (Lair:5)
  3 gargoyles
  7 komodo dragons
  6 orange demons
  12 rime drakes
  2 kobold demonologists (D:9)
  2 efreet
  A tormentor (D:5)
  4 tengu conjurers
  18 yaktaurs
  3 ice devils
  15 trolls
  3 polar bears
  A harpy zombie (D:14)
  4 freezing wraiths
  A guardian mummy (Zot:3)
  A queen bee (Lair:2)
  4 wind drakes (Shoals:2)
  A hellwing (Zot:3)
  A spriggan skeleton (D:15)
  A wind drake (shapeshifter) (D:13)
  6 meliai
  34 merfolk
  A raiju (Gauntlet)
  17 blink frogs
  10 snapping turtles
  5 dream sheep
  An ettin zombie (D:15)
  Sigmund (D:8)
  26 slime creatures
  A centaur simulacrum (D:15)
  2 vampires
  2 ynoxinuls (Depths:3)
  A wyvern (shapeshifter) (D:14)
  A culicivora (Vaults:1)
  Eustachio (D:5)
  3 air elementals
  A yak (shapeshifter) (Depths:3)
  5 wyverns
  6 wraiths
  6 basilisks
  21 water elementals
  4 steam dragons
  A basilisk (shapeshifter) (Vaults:5)
  3 chaos spawn (Gauntlet)
  41 yaks
  9 fire elementals
  7 fire bats (Volcano)
  7 humans (D:8)
  7 vampire mosquitoes
  5 redbacks
  2 neqoxecs
  Edmund (D:5)
  52 nagas
  3 wargs (Orc:1)
  9 water moccasins
  2 acid dragons
  5 hell hounds
  29 orc warriors
  A swamp drake (D:11)
  An ice beast (D:7)
  3 sky beasts
  2 black bears
  11 wolves
  25 ogres
  10 centaurs
  A phantom (D:6)
  6 kobold brigands
  7 bullfrogs
  A scorpion (D:6)
  13 wights
  2 lindwurm simulacra (IceCv)
  30 killer bees (Lair:2)
  An electric eel (D:6)
  4 howler monkeys
  6 lava snakes (Volcano)
  9 komodo dragon simulacra (IceCv)
  7 hounds
  15 orc priests
  3 jellies
  A sleepcap (D:5)
  A gnoll bouda (Lair:2)
  3 iguanas
  Ijyb (D:5)
  Terence (D:3)
  20 orc wizards
  4 gnolls (D:5)
  3 acid dragon simulacra (IceCv)
  4 river rats (Lair:2)
  5 adders
  A white imp (D:6)
  4 ufetubi (Gauntlet)
  7 steam dragon simulacra (IceCv)
  3 worms (D:2)
  3 dart slugs
  92 orcs
  7 ball pythons
  2 bats
  9 endoplasms
  3 giant cockroaches
  12 goblins
  4 hobgoblins
  8 jackals
  3 quokkas (D:1)
  6 frilled lizards
  26 kobolds
  6 rats
  4 tentacles
2120 creatures vanquished.

Vanquished Creatures (others)
  A deep elf elementalist (Elf:3)
  A naga sharpshooter (Snake:2)
  2 deep elf knights
  A deep elf zephyrmancer (Elf:1)
  A necromancer (Depths:3)
  A rime drake (IceCv)
  A dream sheep (shapeshifter) (Vaults:5)
  A water elemental (Shoals:1)
  An orc (Orc:2)
  A ball lightning (D:15)
  14 demonic plants (Gauntlet)
  24 fungi
  269 plants
  2 starspawn tentacles (Shoals:4)
  14 tentacles
  7 withered plants (D:15)
341 creatures vanquished.

Grand Total: 2461 creatures vanquished

Notes
Turn   | Place    | Note
-------+----------+-------------------------------------------
     0 | D:1      | raph the Minotaur Fighter began the quest for the Orb.
     0 | D:1      | Reached XP level 1. HP: 19/19 MP: 0/0
   244 | D:1      | Reached XP level 2. HP: 25/26 MP: 1/1
   822 | D:1      | Reached XP level 3. HP: 31/31 MP: 2/2
   995 | D:2      | Found an iron altar of Okawaru.
  1012 | D:2      | Became a worshipper of Warmaster Okawaru
  1179 | D:2      | Reached skill level 5 in Long Blades
  1782 | D:2      | Reached XP level 4. HP: 39/39 MP: 3/3
  2116 | D:3      | Noticed Terence
  2141 | D:3      | Killed Terence
  2142 | D:3      | Reached XP level 5. HP: 34/45 MP: 4/4
  3129 | D:4      | Noticed an ogre
  3158 | D:4      | Killed an ogre
  3158 | D:4      | Reached * piety under Okawaru
  3159 | D:4      | Reached XP level 6. HP: 30/51 MP: 5/5
  3903 | D:5      | Entered Level 5 of the Dungeon
  3972 | D:5      | Reached skill level 1 in Dodging
  4062 | D:5      | Noticed Ijyb
  4077 | D:5      | Found a staircase to the Ecumenical Temple.
  4097 | D:5      | Killed Ijyb
  4098 | D:5      | Reached skill level 4 in Fighting
  4098 | D:5      | Reached skill level 1 in Invocations
  4124 | Temple   | Entered the Ecumenical Temple
  4124 | Temple   | Found a transporter.
  4124 | Temple   | Found a transporter.
  4126 | Temple   | Found a transporter.
  4126 | Temple   | Found a transporter.
  4230 | D:5      | Reached XP level 7. HP: 59/59 MP: 6/6
  4566 | D:5      | Noticed Eustachio
  4591 | D:5      | Killed Eustachio
  4591 | D:5      | Reached ** piety under Okawaru
  4829 | D:5      | Noticed Edmund
  4851 | D:5      | Killed Edmund
  4983 | D:5      | Reached XP level 8. HP: 50/67 MP: 8/8
  5218 | D:5      | Reached skill level 5 in Fighting
  5337 | D:6      | Reached skill level 5 in Armour
  5739 | D:6      | Reached *** piety under Okawaru
  5746 | D:6      | Reached skill level 10 in Long Blades
  5746 | D:6      | Reached skill level 1 in Throwing
  6184 | D:6      | Reached XP level 9. HP: 55/75 MP: 10/10
  6399 | D:7      | Reached skill level 6 in Fighting
  6442 | D:7      | Reached **** piety under Okawaru
  6443 | D:7      | Found Azuigopp's Armour Boutique.
  6625 | D:7      | Found Jiqumm's Antique Armour Boutique.
  6645 | D:7      | Bought a pair of encrusted boots for 256 gold pieces
  6645 | D:7      | Identified the +1 pair of boots of Insecurity {rC+ Dex+2}
                  | (You bought it in a shop on level 7 of the Dungeon)
  6801 | D:7      | Found Ogoiv's Antique Weapon Shoppe.
  6846 | D:7      | Identified the +5 mace of Reason {flame, rCorr Dex+2}
  7285 | D:8      | Noticed Sigmund
  7300 | D:8      | Received a gift from Okawaru
  7308 | D:8      | Reached XP level 10. HP: 80/84 MP: 10/12
  7325 | D:8      | Reached ***** piety under Okawaru
  7325 | D:8      | Received a gift from Okawaru
  7331 | D:8      | Killed Sigmund
  7466 | D:8      | Received a gift from Okawaru
  7495 | D:8      | Noticed a two-headed ogre
  7512 | D:8      | Killed a two-headed ogre
  7513 | D:8      | Reached skill level 15 in Long Blades
  8019 | D:9      | Identified a scroll of acquirement
  8019 | D:9      | Acquired a manual of Long Blades
  8093 | D:9      | Noticed an orange demon
  8114 | D:9      | Noticed a rust devil
  8124 | D:9      | Received a gift from Okawaru
  8228 | D:9      | Noticed an elephant
  8228 | D:9      | Found a staircase to the Lair.
  8392 | D:9      | Reached XP level 11. HP: 86/91 MP: 13/13
  8427 | D:9      | Found a shimmering blue altar of Sif Muna.
  8427 | D:9      | Found an ancient bone altar of Kikubaaqudgha.
  8431 | D:9      | Found a hazy altar of Hepliaklqana.
  8431 | D:9      | Found a hide-covered altar of Uskayaw.
  8467 | D:9      | Identified the +5 ring mail of the Merchant {rC++ Slay+4}
  8486 | D:9      | Received a gift from Okawaru
  9040 | D:7      | Bought a glowing cloak for 202 gold pieces
  9175 | Lair:1   | Entered Level 1 of the Lair of Beasts
  9265 | Lair:1   | Noticed a death yak
  9269 | Lair:1   | Noticed a death yak
  9275 | Lair:1   | Noticed a death yak
  9275 | Lair:1   | Noticed a death yak
  9276 | Lair:1   | Killed a death yak
  9282 | Lair:1   | Killed a death yak
  9283 | Lair:1   | Reached skill level 5 in Dodging
  9289 | Lair:1   | Killed a death yak
  9290 | Lair:1   | Reached skill level 7 in Fighting
  9294 | Lair:1   | Killed a death yak
  9519 | Lair:1   | Reached skill level 5 in Invocations
  9528 | Lair:1   | Identified the +5 leather armour of Misanthropy {Harm rF+
                  | Str+2}
  9907 | Lair:2   | Noticed a catoblepas
 10102 | Lair:2   | Killed a catoblepas
 10143 | Lair:2   | Found a staircase to the Snake Pit.
 10150 | Lair:2   | Found a staircase to the Shoals.
 10160 | Lair:2   | Identified the +7 rapier "Asesh" {flame, Dex+2} (Okawaru
                  | gifted it to you on level 2 of the Lair of Beasts)
 10160 | Lair:2   | Received a gift from Okawaru
 10329 | Lair:2   | Acquired the ring "Ilassenu" {rPois MP+9 Str+4 Dex-5
                  | Slay+5}
 10394 | Lair:2   | Reached skill level 8 in Fighting
 10408 | Lair:2   | Reached XP level 12. HP: 95/101 MP: 15/15
 10770 | Lair:2   | Reached skill level 9 in Fighting
 10835 | Lair:2   | Got the Thoughts on the Helpful Ground
 10896 | Lair:2   | Received a gift from Okawaru
 11068 | Lair:2   | Noticed a boulder beetle
 11086 | Lair:2   | Killed a boulder beetle
 11327 | Lair:3   | Noticed a six-headed hydra
 11456 | Lair:3   | Killed a six-headed hydra
 11456 | Lair:3   | Reached ****** piety under Okawaru
 11594 | Lair:3   | Found a dark tunnel.
 11599 | Volcano  | Entered a volcano
 11934 | Volcano  | Noticed a two-headed ogre
 11936 | Volcano  | Noticed an ogre mage
 11938 | Volcano  | Killed a two-headed ogre
 11940 | Volcano  | Noticed a two-headed ogre
 11940 | Volcano  | Paralysed by something for 3 turns
 11950 | Volcano  | Killed an ogre mage
 11954 | Volcano  | Killed a two-headed ogre
 11955 | Volcano  | Reached skill level 10 in Fighting
 11955 | Volcano  | Reached skill level 10 in Armour
 11987 | Volcano  | Reached XP level 13. HP: 102/113 MP: 12/17
 11987 | Volcano  | Found a radiant altar of Vehumet.
 12184 | Lair:3   | Received a gift from Okawaru
 12367 | Lair:3   | Identified the +6 plate armour of Yredelemnul's Whim {rF+
                  | rC+ Str+3}
 13177 | Lair:4   | Found a viscous altar of Jiyva.
 13185 | Lair:4   | Found a staircase to the Slime Pits.
 13625 | Lair:5   | Entered Level 5 of the Lair of Beasts
 13886 | Lair:5   | Reached skill level 11 in Fighting
 13957 | Lair:5   | Identified the +4 triple sword "Herghu" {protect, *Noise
                  | MP+9 Int+3 Stlth+} (Okawaru gifted it to you on level 5 of
                  | the Lair of Beasts)
 13957 | Lair:5   | Received a gift from Okawaru
 14171 | Lair:5   | Received a gift from Okawaru
 14434 | Lair:5   | Reached skill level 10 in Dodging
 14650 | Lair:5   | Found a burning altar of Makhleb.
 14675 | Lair:5   | Reached XP level 14. HP: 116/125 MP: 19/19
 14841 | Lair:5   | Found a gateway to Hell.
 15027 | Lair:5   | Reached skill level 12 in Fighting
 15027 | Lair:5   | Reached XP level 15. HP: 134/134 MP: 21/21
 15287 | D:10     | Entered Level 10 of the Dungeon
 15318 | D:10     | Found a transporter.
 15343 | D:10     | Found a transporter.
 15459 | D:10     | Found a flagged portal.
 15470 | Bailey   | Entered a bailey
 16004 | D:10     | Found a transporter.
 16008 | D:10     | Found a transporter.
 16025 | D:10     | Found Huewoim's Armour Boutique.
 16071 | D:10     | Reached skill level 10 in Invocations
 16356 | D:10     | Found a radiant altar of Vehumet.
 16561 | D:10     | Found a transporter.
 16567 | D:10     | Found a transporter.
 16704 | D:7      | Bought a slimy chain mail for 256 gold pieces
 16704 | D:7      | Identified the +1 chain mail of Autumn {rElec rPois Int+4}
                  | (You bought it in a shop on level 7 of the Dungeon)
 16704 | D:7      | Bought a runed cloak for 202 gold pieces
 17053 | D:11     | Found a frozen archway.
 17063 | D:11     | Noticed Erica
 17072 | D:11     | Noticed Urug
 17082 | D:11     | Killed Erica
 17083 | D:11     | Reached skill level 13 in Fighting
 17088 | D:11     | Killed Urug
 17117 | IceCv    | Entered an ice cave
 17455 | IceCv    | Found the amulet of the Four Winds {rN+ Will+++ Clar}
 18175 | D:11     | Found a staircase to the Orcish Mines.
 18367 | Orc:1    | Entered Level 1 of the Orcish Mines
 18501 | Orc:2    | Entered Level 2 of the Orcish Mines
 18588 | Orc:2    | Received a gift from Okawaru
 18820 | Orc:2    | Found a gate leading to a gauntlet.
 18858 | Orc:2    | Found a staircase to the Elven Halls.
 18874 | Gauntlet | Entered a Gauntlet
 18874 | Gauntlet | Found a transporter.
 18874 | Gauntlet | Found a transporter.
 18875 | Gauntlet | Found a transporter.
 18875 | Gauntlet | Found a transporter.
 18878 | Gauntlet | Found a transporter.
 18899 | Gauntlet | Found a transporter.
 18903 | Gauntlet | Found a transporter.
 18910 | Gauntlet | Found a transporter.
 18928 | Gauntlet | Found a transporter.
 18936 | Gauntlet | Found a transporter.
 18953 | Gauntlet | Found a transporter.
 19004 | Gauntlet | Found a transporter.
 19110 | Gauntlet | Identified the +1 pair of boots of Deupsal {Int+6 Dex-5}
 19395 | Orc:2    | Identified the +0 chain mail of Roupnuan {*Slow rN+ Str+9}
                  | (Okawaru gifted it to you on level 2 of the Orcish Mines)
 19395 | Orc:2    | Received a gift from Okawaru
 19456 | Orc:2    | Found Oruorer's Distillery.
 19457 | Orc:2    | Found Bocaku's Book Shoppe.
 19458 | Orc:2    | Found Atzor's Antique Armour Shoppe.
 19462 | Orc:2    | Found Nieb's Jewellery Emporium.
 19464 | Orc:2    | Bought a potion of haste for 120 gold pieces
 19534 | Orc:2    | Bought a pitted cloak for 304 gold pieces
 19534 | Orc:2    | Identified the +2 cloak of Vuawaynemn {Slay+2} (You bought
                  | it in a shop on level 2 of the Orcish Mines)
 19791 | Orc:1    | Found a burning altar of Makhleb.
 19960 | Orc:1    | Noticed Nergalle
 19977 | Orc:1    | Killed Nergalle
 19978 | Orc:1    | Reached skill level 14 in Fighting
 20267 | D:12     | Identified the ring "Latut" {rPois rF+ Str+2 Stlth+}
 20305 | D:12     | Reached XP level 16. HP: 146/146 MP: 23/23
 20901 | D:13     | Found a hazy altar of Hepliaklqana.
 21034 | D:13     | Reached skill level 1 in Evocations
 21048 | D:13     | Noticed Erolcha
 21053 | D:13     | Killed Erolcha
 21056 | D:13     | Found a gate to the Vaults.
 21146 | D:13     | Found Arriqat's Armour Shoppe.
 21733 | D:14     | Found a runed translucent gate.
 21733 | D:14     | Found a runed translucent gate.
 21733 | D:14     | Found a runed translucent gate.
 21733 | D:14     | Noticed Dirian's ghost (journeyman MiBe)
 21735 | D:14     | Found a basalt altar of Yredelemnul.
 21762 | D:14     | Killed Dirian's ghost
 21917 | D:15     | Entered Level 15 of the Dungeon
 22093 | D:15     | Found a staircase to the Depths.
 22109 | D:15     | Noticed Azrael
 22116 | D:15     | Killed Azrael
 22143 | D:15     | Received a gift from Okawaru
 22476 | D:15     | Noticed Nessos
 22489 | D:15     | Reached skill level 5 in Throwing
 22498 | D:15     | Killed Nessos
 22915 | D:15     | Reached skill level 1 in Ranged Weapons
 23406 | Shoals:1 | Entered Level 1 of the Shoals
 23539 | Shoals:1 | Noticed a kraken
 23552 | Shoals:1 | Killed a kraken
 23553 | Shoals:1 | Reached skill level 15 in Fighting
 23860 | Shoals:1 | HP: 2/149 [water elemental[a merfolk aquamancer] (6)]
 24515 | Shoals:1 | Found Wahy's Assorted Antiques.
 24523 | Shoals:1 | Bought a scroll of teleportation for 63 gold pieces
 24523 | Shoals:1 | Bought a potion of curing for 63 gold pieces
 24523 | Shoals:1 | Bought a potion of curing for 63 gold pieces
 25508 | Shoals:2 | Found Fuhiniem's Weapon Emporium.
 25807 | Shoals:2 | Noticed a kraken
 25821 | Shoals:2 | Killed a kraken
 26149 | Shoals:2 | Reached skill level 15 in Armour
 26686 | Shoals:3 | Reached XP level 17. HP: 120/156 MP: 24/24
 27149 | Shoals:3 | Found a runed translucent gate.
 27149 | Shoals:3 | Found a runed translucent gate.
 27149 | Shoals:3 | Found a runed translucent gate.
 27151 | Shoals:3 | Found the +5 glaive of the Guard {elec, spectral, AC+5}
 27152 | Shoals:3 | Noticed sausages's ghost (adept GrEE)
 27181 | Shoals:3 | Noticed a kraken
 27191 | Shoals:3 | Killed a kraken
 27192 | Shoals:3 | Reached skill level 5 in Evocations
 27573 | Shoals:3 | Found Salurr's Weapon Shoppe.
 27620 | Shoals:3 | Received a gift from Okawaru
 27949 | Shoals:3 | Found Deorabla's Book Shop.
 27954 | Shoals:3 | Identified the +2 robe of the Gardener {rElec Will+ rCorr
                  | Dex-5}
 28471 | Shoals:4 | Entered Level 4 of the Shoals
 28584 | Shoals:3 | Identified the +9 double sword of Big Damage {holy, rF+ rN+
                  | Int+3} (Okawaru gifted it to you on level 3 of the Shoals)
 28584 | Shoals:3 | Received a gift from Okawaru
 28986 | Shoals:4 | Reached skill level 5 in Ranged Weapons
 29008 | Shoals:4 | Noticed Mlioglotl
 29017 | Shoals:4 | Paralysed by accursed screaming for 2 turns
 29025 | Shoals:4 | Killed Mlioglotl
 29169 | Shoals:4 | Identified the +3 scale mail "Heagiw" {rElec Int-4 Dex+7}
 29558 | Shoals:4 | Reached skill level 16 in Fighting
 29876 | Shoals:4 | Identified the +8 arbalest of Propriety {speed, rPois
                  | rCorr} (Okawaru gifted it to you on level 4 of the Shoals)
 29876 | Shoals:4 | Received a gift from Okawaru
 30623 | Shoals:4 | Got a barnacled rune of Zot
 31189 | Snake:1  | Entered Level 1 of the Snake Pit
 32060 | Snake:1  | Received a gift from Okawaru
 32651 | Snake:2  | Noticed Vashnia
 32917 | Arena    | Entered the Arena
 32934 | Arena    | Killed Vashnia
 33036 | Snake:2  | Found a transporter.
 33192 | Snake:2  | Found Fyczug's Antique Weapon Shop.
 33194 | Snake:2  | Found Ymuips's Armour Boutique.
 33196 | Snake:2  | Found Gupsi's Antique Armour Shop.
 33204 | Snake:2  | Bought a distressingly furry plate armour for 812 gold
                  | pieces
 33204 | Snake:2  | Identified the +9 plate armour "Xuelikh" {Will+ Str+2
                  | Stlth-} (You bought it in a shop on level 2 of the Snake
                  | Pit)
 33283 | Snake:2  | Found a transporter.
 33508 | Snake:2  | Identified the +4 flail "Xekuimis" {speed, rPois rC-
                  | Will+++ Str-2}
 33640 | Snake:2  | Reached XP level 18. HP: 130/168 MP: 25/25
 33789 | Snake:2  | Noticed Dadghomedgh's ghost (adept GnHW)
 33921 | Snake:3  | Reached skill level 17 in Fighting
 33936 | Snake:2  | Reached skill level 15 in Dodging
 34084 | Snake:2  | Noticed a profane servitor
 34874 | Snake:3  | Acquired 1177 gold pieces
 35254 | D:7      | Bought a runed demon blade for 540 gold pieces
 35428 | Snake:4  | Entered Level 4 of the Snake Pit
 35727 | Snake:4  | Received a gift from Okawaru
 36489 | Snake:4  | Received a gift from Okawaru
 37156 | Snake:4  | Reached skill level 5 in Shields
 37495 | Snake:4  | Received a gift from Okawaru
 37614 | Snake:4  | Reached XP level 19. HP: 139/179 MP: 14/26
 37618 | Snake:4  | Reached skill level 18 in Fighting
 37700 | Snake:4  | Got a serpentine rune of Zot
 38134 | Depths:1 | Entered Level 1 of the Depths
 38228 | Vaults:1 | Entered Level 1 of the Vaults
 38701 | Vaults:1 | Found Ilyneejo's Weapon Shop.
 39031 | Vaults:1 | HP: 3/179 [vault warden/+3 war axe of electrocution (52)]
 39036 | Arena    | Entered the Arena
 39154 | Vaults:1 | Noticed Nikola
 39171 | Vaults:1 | Killed Nikola
 39411 | Vaults:1 | Received a gift from Okawaru
 40415 | Vaults:2 | Identified the +1 great sword "Ynakames" {holy, *Noise rN++
                  | Str+2 Dex+3}
 40422 | Vaults:2 | Reached skill level 10 in Shields
 40937 | Vaults:2 | Received a gift from Okawaru
 41186 | Vaults:2 | Found a gateway to a bazaar.
 41193 | Bazaar   | Entered a bazaar
 41214 | Bazaar   | Found Hoef's Armour Shoppe.
 41235 | Bazaar   | Found Nuipsaaph's Antique Weapon Emporium.
 41235 | Bazaar   | Found Fuggef's Weapon Shoppe.
 41257 | Bazaar   | Found Reruizxuesk's Armour Emporium.
 41276 | Bazaar   | Found Vupsiaw's Assorted Antiques.
 41276 | Bazaar   | Found Vabbenui's Magic Scroll Shoppe.
 41281 | Bazaar   | Bought a scroll of enchant armour for 262 gold pieces
 41281 | Bazaar   | Bought a potion of curing for 105 gold pieces
 41288 | Bazaar   | Bought a scroll of blinking for 90 gold pieces
 41288 | Bazaar   | Bought a scroll of enchant armour for 90 gold pieces
 41288 | Bazaar   | Bought a scroll of enchant weapon for 90 gold pieces
 41288 | Bazaar   | Bought a scroll of teleportation for 36 gold pieces
 41288 | Bazaar   | Bought a scroll of teleportation for 36 gold pieces
 41288 | Bazaar   | Bought a scroll of fear for 48 gold pieces
 41288 | Bazaar   | Bought a scroll of fear for 48 gold pieces
 41288 | Bazaar   | Bought a scroll of teleportation for 36 gold pieces
 41554 | Vaults:2 | Reached XP level 20. HP: 189/189 MP: 27/27
 41687 | Vaults:2 | Reached skill level 19 in Fighting
 42060 | Vaults:2 | Found Berph's Armour Boutique.
 42502 | Vaults:3 | Identified the +6 morningstar "Ofitedd" {heavy, +Blink
                  | rElec rC+ MP+9} (Okawaru gifted it to you on level 3 of the
                  | Vaults)
 42502 | Vaults:3 | Received a gift from Okawaru
 43538 | Vaults:3 | Paralysed by a sphinx for 2 turns
 43553 | Vaults:3 | Received a gift from Okawaru
 43729 | Vaults:3 | Found Paipseq's Armour Boutique.
 43778 | Vaults:3 | Noticed Margery
 43856 | Vaults:2 | Killed Margery
 43856 | Vaults:2 | Received a gift from Okawaru
 44297 | Vaults:3 | Found a staircase to the Crypt.
 44462 | Vaults:4 | Identified the +3 dire flail of the Boiling Point {heavy,
                  | Dex+8 SInv}
 44508 | Vaults:4 | Received a gift from Okawaru
 45018 | Vaults:4 | Received a gift from Okawaru
 45084 | Vaults:4 | Reached skill level 10 in Throwing
 45104 | Vaults:4 | Reached skill level 20 in Fighting
 45320 | Vaults:4 | Identified the +1 hat of Absence {rPois Str+5} (Okawaru
                  | gifted it to you on level 4 of the Vaults)
 45320 | Vaults:4 | Received a gift from Okawaru
 45794 | Vaults:4 | Paralysed by a great orb of eyes for 3 turns
 46212 | Vaults:4 | Found Izitinah's Antique Weapon Emporium.
 46663 | Elf:1    | Entered Level 1 of the Elven Halls
 46663 | Elf:1    | Found a runed translucent gate.
 46663 | Elf:1    | Found a runed translucent gate.
 46663 | Elf:1    | Found a runed translucent gate.
 46663 | Elf:1    | Found a runed translucent gate.
 46663 | Elf:1    | Found a runed translucent gate.
 46663 | Elf:1    | Found a runed translucent gate.
 46664 | Elf:1    | Found a runed translucent door.
 46678 | Elf:1    | Reached XP level 21. HP: 202/202 MP: 28/28
 46966 | Elf:1    | Found a runed translucent door.
 46979 | Elf:1    | Got the Volume of Bedrock and Injury
 47160 | Elf:1    | Got the Parchment of Assaults
 48209 | Elf:2    | Found Huung's Armour Shoppe.
 48468 | Elf:2    | Found Udades's Armour Shoppe.
 48532 | Elf:2    | Found Pisumm's Magic Scroll Emporium.
 48559 | Elf:2    | Bought a scroll of fear for 40 gold pieces
 48559 | Elf:2    | Bought a scroll of teleportation for 30 gold pieces
 48778 | Elf:2    | Found a runed translucent gate.
 48779 | Elf:2    | Found a runed translucent gate.
 48779 | Elf:2    | Found a runed translucent gate.
 48859 | Elf:2    | Received a gift from Okawaru
 48875 | Elf:2    | Reached skill level 21 in Fighting
 49175 | Elf:2    | Received a gift from Okawaru
 49670 | Elf:3    | Entered Level 3 of the Elven Halls
 49678 | Elf:3    | Paralysed by an air elemental for 1 turns
 49687 | Elf:3    | Reached skill level 15 in Shields
 49715 | Elf:3    | Found a transporter.
 49730 | Elf:3    | Found a transporter.
 49736 | Elf:3    | Found a bloodstained altar of Trog.
 49838 | Elf:3    | Received a gift from Okawaru
 49973 | Elf:3    | Received a gift from Okawaru
 50049 | Elf:3    | Received a gift from Okawaru
 50070 | Elf:3    | Found the +12 pair of quick blades "Gyre" and "Gimble"
                  | {protect}
 50071 | Elf:3    | Found the Hermit's Pendant {Faith Invo=14 Evo=0 MP+5}
 50082 | Elf:3    | Identified the +9 shortbow of Action {speed, Fly rElec rN+}
 50170 | Elf:3    | Identified the staff of fire "Myeb" {Fragile rF+ rCorr
                  | Int+2 Dex+2}
 50389 | Elf:3    | Found a radiant altar of Vehumet.
 50413 | Elf:3    | Paralysed by an air elemental for 1 turns
 50434 | Elf:3    | Noticed Notanamesir's ghost (adept MiHu)
 50447 | Elf:3    | Identified the +4 shortbow "Iddimaorch" {heavy, rElec
                  | Will++ Dex+3} (Okawaru gifted it to you on level 3 of the
                  | Elven Halls)
 50447 | Elf:3    | Received a gift from Okawaru
 50965 | Depths:1 | Found a one-way gateway to a ziggurat.
 51294 | Depths:1 | Found Ikhlumott's Weapon Emporium.
 51600 | Depths:1 | Identified the +1 leather armour "Soixal" {rN+ Dex+4 SInv}
 51725 | Depths:1 | Found a one-way gate to the infinite horrors of the Abyss.
 51823 | Depths:1 | Reached XP level 22. HP: 207/215 MP: 29/29
 52715 | Depths:2 | Noticed Mara
 52738 | Depths:2 | Noticed raph's illusion
 52878 | Depths:2 | Noticed raph's illusion
 52901 | Depths:2 | Killed Mara
 52901 | Depths:2 | Received a gift from Okawaru
 52902 | Depths:2 | Reached skill level 22 in Fighting
 52977 | Depths:2 | Noticed a juggernaut
 53022 | Depths:2 | Killed a juggernaut
 53182 | Depths:2 | Received a gift from Okawaru
 53404 | Depths:2 | Noticed a caustic shrike
 53413 | Depths:2 | Killed a caustic shrike
 53505 | Depths:2 | Noticed a golden dragon
 53506 | Depths:2 | Identified the amulet "Qoikhlyol" {rF- Regen+ Str+5}
 53565 | Depths:2 | Received a gift from Okawaru
 53627 | Depths:2 | Received a gift from Okawaru
 53741 | Depths:2 | Noticed a caustic shrike
 53768 | Depths:2 | Identified the +1 trident of Plog {freeze, Fly rPois Dex-2}
 54109 | Depths:2 | Noticed a golden dragon
 54125 | Depths:2 | Killed a caustic shrike
 54132 | Depths:2 | Killed a golden dragon
 54166 | Depths:2 | Noticed a juggernaut
 54170 | Depths:2 | Identified the +9 morningstar "Quraplize" {venom, rElec rF-
                  | rN+++ Dex+3}
 54185 | Depths:2 | Killed a juggernaut
 54208 | Depths:2 | Killed a golden dragon
 54208 | Depths:2 | Identified the -2 pair of boots of the Exiled Thickets
                  | {*Slow Regen+ rCorr Str+2} (Okawaru gifted it to you on
                  | level 2 of the Depths)
 54208 | Depths:2 | Received a gift from Okawaru
 54589 | Depths:2 | Found a one-way gate leading to the halls of Pandemonium.
 54650 | Depths:2 | Identified the ring "Uneewa Upro" {Str+2 Dex+6}
 54655 | Depths:2 | Identified the +2 glaive "Killer Klown's Foe" {freeze,
                  | Int+3}
 55321 | Depths:2 | Noticed a juggernaut
 55350 | Depths:2 | Killed a juggernaut
 56011 | Depths:3 | Reached skill level 23 in Fighting
 56335 | Depths:3 | Reached XP level 23. HP: 226/226 MP: 30/30
 56616 | Depths:3 | Identified the +1 pair of gloves "Dovan" {rPois rN+++ Str-2
                  | Int-4}
 56855 | Depths:3 | Identified the +5 ring mail "Aneor" {-Tele Rampage rN+++
                  | SInv} (Okawaru gifted it to you on level 3 of the Depths)
 56855 | Depths:3 | Received a gift from Okawaru
 57123 | Depths:3 | Identified the ring of Contentment {rN+ rCorr MP+9 Str+3}
 57508 | Depths:3 | Found a radiant altar of Vehumet.
 57881 | Depths:4 | Entered Level 4 of the Depths
 57929 | Depths:4 | Found a gate to the Realm of Zot.
 58026 | Depths:4 | Noticed a juggernaut
 58041 | Depths:4 | Killed a juggernaut
 58114 | Depths:4 | Noticed a caustic shrike
 58116 | Depths:4 | Noticed a caustic shrike
 58116 | Depths:4 | Noticed a caustic shrike
 58135 | Depths:4 | Killed a caustic shrike
 58144 | Depths:4 | Killed a caustic shrike
 58153 | Depths:4 | Killed a caustic shrike
 58340 | Depths:4 | Noticed Parghit
 58436 | Depths:4 | Killed Parghit
 58592 | Depths:4 | Reached skill level 24 in Fighting
 58783 | Depths:4 | Received a gift from Okawaru
 59245 | Vaults:5 | Entered Level 5 of the Vaults
 59299 | Vaults:4 | Received a gift from Okawaru
 59327 | Vaults:4 | Identified the +6 ice dragon scales of Onevothu {rF- rC++
                  | Int+5} (Okawaru gifted it to you on level 4 of the Vaults)
 59327 | Vaults:4 | Received a gift from Okawaru
 59772 | Vaults:5 | Identified the +5 quarterstaff "Killer Bee's Death" {heavy,
                  | rElec}
 60535 | Vaults:5 | Noticed an ancient lich
 60543 | Vaults:4 | Reached XP level 24. HP: 218/239 MP: 30/30
 60912 | Vaults:5 | Killed an ancient lich
 60942 | Arena    | Entered the Arena
 61112 | Vaults:5 | Paralysed by a sphinx for 2 turns
 61529 | Vaults:5 | Noticed an ancient lich
 61600 | Vaults:4 | Killed an ancient lich
 61600 | Vaults:4 | Received a gift from Okawaru
 61814 | Vaults:4 | Reached skill level 25 in Fighting
 61986 | Vaults:5 | Noticed a dread lich
 61992 | Vaults:4 | Paralysed by a dread lich for 3 turns
 61997 | Vaults:4 | Killed a dread lich
 63285 | Vaults:4 | Received a gift from Okawaru
 63715 | Vaults:5 | Identified the +2 scimitar of Royalism {freeze, Contam
                  | Int+8 Dex-5 SInv}
 63953 | Vaults:5 | Found Omuesae's Antique Armour Shop.
 63953 | Vaults:5 | Found Ewail's Jewellery Shoppe.
 63957 | Vaults:5 | Bought a pair of crude boots for 475 gold pieces
 63957 | Vaults:5 | Identified the -2 pair of boots "Earthly Heaven" {Contam
                  | +Blink Regen+ Str+5} (You bought it in a shop on level 5 of
                  | the Vaults)
 63957 | Vaults:5 | Bought a glowing cloak for 375 gold pieces
 63957 | Vaults:5 | Bought a pair of embroidered gloves for 375 gold pieces
 63972 | Vaults:5 | Found Jargh's Magic Scroll Shoppe.
 63976 | Vaults:5 | Bought a scroll of blinking for 172 gold pieces
 63976 | Vaults:5 | Bought a scroll of teleportation for 69 gold pieces
 63976 | Vaults:5 | Bought a scroll of blinking for 172 gold pieces
 63976 | Vaults:5 | Bought a scroll of poison for 92 gold pieces
 64034 | Vaults:5 | Found Umask's Book Shop.
 64038 | Vaults:5 | Bought a manual of Shields for 1760 gold pieces
 64088 | Vaults:5 | Identified the +0 pair of gloves of Murhom {Harm rN+
                  | Stlth+}
 64215 | Vaults:5 | Got a silver rune of Zot
 64809 | Zot:1    | Entered Level 1 of the Realm of Zot
 67784 | Zot:2    | Noticed an orb of fire
 67940 | Zot:2    | Gained mutation: You occasionally shout uncontrollably at
                  | your foes. [an orb of fire]
 67945 | Zot:2    | Gained mutation: You are vulnerable to cold. (rC-) [an orb
                  | of fire]
 67961 | Zot:2    | Killed an orb of fire
 67961 | Zot:2    | Received a gift from Okawaru
 68115 | Zot:2    | Found the +4 dragonskin cloak
 68115 | Zot:2    | Noticed Tiamat
 68471 | Zot:2    | Received a gift from Okawaru
 68838 | Zot:2    | Reached XP level 25. HP: 95/250 MP: 30/30
 71375 | Zot:4    | Reached skill level 26 in Fighting
 72447 | Zot:4    | Received a gift from Okawaru
 73481 | Zot:4    | Received a gift from Okawaru
 73698 | Zot:4    | Identified the ring of Paec {rN+ Dex+6}
 73718 | Zot:4    | Noticed an orb of fire
 74029 | Zot:4    | Killed an orb of fire
 74037 | Zot:4    | Reached skill level 15 in Throwing
 74226 | Zot:4    | Got the Compendium of the Felsic Wind
 74347 | Zot:5    | Entered Level 5 of the Realm of Zot
 75985 | Zot:5    | Noticed a dread lich
 76002 | Zot:5    | Killed a dread lich
 76042 | Zot:5    | Noticed an ancient lich
 76054 | Zot:5    | Killed an ancient lich
 76217 | Zot:5    | Noticed an orb of fire
 76235 | Zot:5    | Gained mutation: You are clumsy. (Dex -2) [an orb of fire]
 76241 | Zot:5    | Killed an orb of fire
 76242 | Zot:5    | Reached XP level 26. HP: 180/264 MP: 24/30
 76445 | Zot:5    | Noticed a dread lich
 76445 | Zot:5    | Noticed an orb of fire
 76455 | Zot:5    | Gained mutation: You occasionally lose the ability to drink
                  | potions when taking damage. [an orb of fire]
 76473 | Zot:5    | Lost mutation: You occasionally lose the ability to drink
                  | potions when taking damage. [an orb of fire]
 76483 | Zot:5    | Killed an orb of fire
 76483 | Zot:5    | Received a gift from Okawaru
 76515 | Zot:5    | Received a gift from Okawaru
 76618 | Zot:5    | Noticed an ancient lich
 76633 | Zot:5    | Noticed an orb of fire
 76642 | Zot:5    | Noticed an orb of fire
 76643 | Zot:5    | Gained mutation: Your spells are a little easier to cast,
                  | but a little less powerful. [an orb of fire]
 76644 | Zot:5    | Noticed an orb of fire
 76646 | Zot:5    | Noticed an orb of fire
 76666 | Zot:5    | Gained mutation: You are very clumsy. (Dex -4) [an orb of
                  | fire]
 76667 | Zot:5    | Gained mutation: You are covered in fur. (AC +1) [an orb of
                  | fire]
 76714 | Zot:4    | Gained mutation: You sometimes lose your temper in combat.
                  | [an orb of fire]
 76716 | Zot:4    | Gained mutation: Your spells are easier to cast, but less
                  | powerful. [an orb of fire]
 76718 | Zot:4    | Killed an ancient lich
 76718 | Zot:4    | Gained mutation: You are dopey. (Int -2) [an orb of fire]
 76732 | Zot:4    | Killed an orb of fire
 76891 | Zot:4    | Lost mutation: You sometimes lose your temper in combat.
                  | [potion of mutation]
 76891 | Zot:4    | Lost mutation: You are vulnerable to cold. (rC-) [potion of
                  | mutation]
 76891 | Zot:4    | Lost mutation: You are covered in fur. (AC +1) [potion of
                  | mutation]
 76896 | Zot:5    | Gained mutation: You are very dopey. (Int -4) [an orb of
                  | fire]
 76903 | Zot:4    | Gained mutation: Your body sometimes deteriorates upon
                  | taking damage. [an orb of fire]
 76914 | Zot:4    | Killed an orb of fire
 76961 | Zot:4    | Killed an orb of fire
 76963 | Zot:4    | Gained mutation: Your spells are much easier to cast, but
                  | much less powerful. [an orb of fire]
 76969 | Zot:4    | Killed an orb of fire
 77036 | Zot:5    | Killed a dread lich
 77036 | Zot:5    | Received a gift from Okawaru
 77246 | Zot:5    | Reached skill level 27 in Fighting
 77318 | Zot:5    | Received a gift from Okawaru
 77915 | Zot:5    | Got the Orb of Zot
 77929 | Zot:5    | Noticed Rerijiopn the pandemonium lord
 78014 | Zot:3    | Noticed Dacemnoor the pandemonium lord
 78016 | Zot:3    | Gained mutation: You occasionally lose the ability to read
                  | scrolls when taking damage. [a neqoxec]
 78082 | Zot:1    | Noticed Kojeow the pandemonium lord
 78181 | Depths:2 | Noticed Wuekawuh the pandemonium lord
 78248 | D:15     | Noticed Boatub the pandemonium lord
 78300 | D:12     | Noticed Tommaclie the pandemonium lord
 78306 | D:11     | Killed Tommaclie the pandemonium lord
 78458 | D:5      | Noticed Xyleluas the pandemonium lord
 78476 | D:5      | Killed Xyleluas the pandemonium lord
 78499 | D:4      | Received a gift from Okawaru
 78599 | D:3      | Noticed Sas Bus the pandemonium lord
 78711 | D:$      | Escaped with the Orb!

Illustrated notes

Levels and vault maps discovered:
D:1:      minmay_arrival_loop, layout_loops_corners, st_stairs_2
D:2:      layout_basic, basic_altar, minmay_3d_cube
D:3:      layout_basic, uniq_terence
D:4:      layout_cave_pods
D:5:      layout_loops_ring, minmay_temple_entry_junction_2, uniq_ijyb,
          uniq_eustachio, uniq_edmund
D:6:      layout_rooms, nrook_pool_corridor
D:7:      layout_rooms, serial_shops, nicolae_shop_crystal,
          nicolae_shop_waterfront, nicolae_shop_getting_attention
D:8:      erik_cavepeople, layout_basic
D:9:      layout_grid_maze, grunt_temple_overflow_open, david_lair_generic
D:10:     layout_roguey, mainiacjoe_overflow_six_doors_small, enter_bailey_2,
          nicolae_inconvenience_store, serial_nicolae_subway,
          nicolae_sub_station_metal, nicolae_sub_station_stone,
          nicolae_sub_station_crystal
D:11:     layout_rooms, erik_orc_1, portal_ice_cave_rime, patterned_corridor,
          uniq_urug, uniq_erica
D:12:     layout_roguey, hangedman_abyss_or_decor_stabs
D:13:     layout_roguey, erik_vaults_1, serial_shops, nicolae_square_shop,
          nicolae_hepliaklqana_hazy_memory, uniq_erolcha
D:14:     layout_small_grid, kennysheep_boxes, nicolae_yredelemnul_ghost_church
D:15:     gammafunk_depths_entry_grave, layout_basic, minivault_26, uniq_azrael,
          uniq_nessos
Temple:   hellmonk_temple_divided_pantheon
Lair:1:   layout_big_grid, hibernation_bobbens
Lair:2:   regret_index_combs_of_tragedy, layout_regular_city,
          minmay_shoals_entry_centaurs, guppyfry_snake_entry_island,
          dreamdust_gnoll_shepherd
Lair:3:   layout_cave_pods, enter_volcano_4
Lair:4:   layout_loops_ring, dpeg_slime_entry_enclosed, grunt_megastairs_3
Lair:5:   evil_forest, layout_cave_pods, chequers_serial_rivers_small_a
Shoals:1: layout_shoals, serial_shops, nicolae_lakefront_shop
Shoals:2: layout_shoals, serial_shops, shop
Shoals:3: layout_shoals, gammafunk_ghost_necromancy, serial_shops, shop,
          nicolae_book_shop_shelving, nicolae_shoals_square_sea_wall,
          nicolae_shoals_seven_spires
Shoals:4: shoals_end_grunt_garden, layout_shoals, uniq_mlioglotl
Snake:1:  layout_cave_pods, grunt_ministairs_1
Snake:2:  layout_misc_corridors, gammafunk_ghost_abyssal_escape,
          minmay_shop_star, uniq_vashnia
Snake:3:  layout_rooms
Snake:4:  grunt_snake_rune_pools, layout_chambers,
          nicolae_snake_ghostly_warrior_ritual
Orc:1:    layout_diamond_mine, basic_altar, bloody_makhleb, uniq_nergalle
Orc:2:    st_orc_open, layout_caves, gauntlet_entry_generic
Elf:1:    nicolae_elf_arrival_dilemma, layout_geoelf_diagonals,
          minmay_elf_annihilation, minmay_misc_feat_five
Elf:2:    nicolae_elf_blades_crystal_corner, layout_loops_cross, serial_glass,
          glass_columns_a, glass_columns_b, glass_columns_b, glass_columns_a,
          glass_columns_a, glass_columns_b, serial_shops, shop,
          nicolae_shop_tiny_real_fake_doors, shop
Elf:3:    minmay_elf_hall, layout_geoelf_grid,
          gammafunk_ghost_wrathful_warriors, basic_altar, minivault_19
Vaults:1: vaults_dpeg_diagonal, hangedman_vaults_nails,
          hangedman_vaults_corner_blocks, nicolae_vaults_closet_pinwheel_5,
          v_misc_2, vaults_standard_mumra_enter_the_diamond,
          nicolae_vaults_security_offices_6,
          nicolae_vaults_windows_and_doors_thing,
          nicolae_vaults_border_crossing, vaults_dpeg_hooks,
          layout_vaults_quadrants, serial_shops, nicolae_shop_back_alley_shop,
          uniq_nikola
Vaults:2: st_check, hangedman_vaults_stitches, nicolae_vaults_tetromino_Z_1,
          nicolae_vaults_twisting_passages, nicolae_vaults_storage_closets_1,
          vaults_mumra_minichess_inversion, v_pattern_5,
          vaults_dpeg_emergency_exit, v_misc_24,
          nicolae_vaults_diagonal_hallway_7, nicolae_vaults_specimen_jars,
          nicolae_vaults_taking_the_gang_shopping, layout_vaults_ring,
          serial_shops, bzr_entry_lakeside
Vaults:3: blue_anna_dwarven_crypt, nicolae_vaults_closet_pinwheel_5,
          hangedman_vaults_stagger, v_alt_pattern_2,
          nicolae_vaults_tetromino_L_1, nicolae_vaults_tangram_2,
          nicolae_vaults_ring_of_whatevers, ontoclasm_vaults_pinch,
          nicolae_vaults_heist, nicolae_vaults_gold_heap,
          layout_vaults_chaotic_city, serial_shops,
          nicolae_shop_tiny_statue_garden, uniq_margery
Vaults:4: v_misc_12, nicolae_vaults_trapezoid_lopsided_3, v_pattern_3,
          vaults_room_glass_cross, nicolae_vaults_big_angled_halls,
          nicolae_vaults_disjoint_gnomons, nicolae_vaults_double_plus_1,
          grunt_vaults_trifunnel, nicolae_vaults_closet_pinwheel_6, v_misc_28,
          vaults_room_door_ring, ontoclasm_vaults_decontamination,
          layout_vaults_omnibox, serial_shops, shop
Vaults:5
Depths:1: layout_gridlike, enter_ziggurat_a, serial_shops,
          nicolae_shop_hallway_stairs, abyss_entry, hell_entry,
          nicolae_lava_and_water, lemuel_flamethrower_3, serial_bayou_shore_b,
          grunt_megastairs_5
Depths:2: box_level_dp, pan_entry, hell_entry, uniq_mara
Depths:3: evilmike_lava_path, layout_basic, nicolae_vehumet_radiance,
          grunt_hell_horde, grunt_pan_entry_zigzag, abyss_entry
Depths:4: evilmike_zot_entry_argh, layout_cross, hangedman_coc_ice_floe,
          hangedman_abyss_entry_splay, grunt_decor_fettered,
          unseen_surprise_small, serial_bayou_shore_a, uniq_parghit
Zot:1:    layout_onion_interference, grunt_megastairs_4
Zot:2:    layout_basic, uniq_tiamat
Zot:3:    layout_basic
Zot:4:    layout_cathedral_of_symmetry, st_stairs_4, hangedman_player_shredder
Zot:5:    layout_gridlike

Skill      XL: |  1  2  3  4  5  6  7  8  9 10 11 12 13 14 15 16 17 18 19 20 21 22 23 24 25 26 |
---------------+-------------------------------------------------------------------------------+-----
Long Blades    | 3 4 5 6 8 9 10 13 17 20 21 22 23 24 | 24.5
Dodging        | 1 2 3 4 6 8 10 12 13 14 15 16 17 18 19 20 21 | 21.3
Armour         | 4 5 6 8 10 11 12 13 15 16 17 18 19 20 21 22 23 | 23.3
Fighting       | 4 5 6 8 10 11 12 14 15 16 17 18 20 21 23 24 25 26 27 | 27.0
Invocations    | 1 2 3 4 5 7 9 11 | 11.2
Throwing       | 2 3 5 7 9 10 11 12 13 14 15 | 15.7
Evocations     | 4 7 8 |  8.6
Ranged Weapons | 3 5 |  5.0
Shields        | 6 11 13 15 17 19 21 24 25 | 25.4

Action                     |  1- 3 |  4- 6 |  7- 9 | 10-12 | 13-15 | 16-18 | 19-21 | 22-24 | 25-27 || total
---------------------------+-------+-------+-------+-------+-------+-------+-------+-------+-------++-------
  Melee: Long sword        |   101 |   146 |   144 |       |       |       |       |       |       ||   391
         Headbutt          |    10 |    16 |    51 |   109 |   191 |   439 |   494 |   685 |   343 ||  2338
         Great sword       |       |       |    98 |   482 |   146 |       |       |       |       ||   726
         Rapier            |       |       |       |     5 |    15 |       |       |       |       ||    20
         Triple sword      |       |       |       |       |   614 |   493 |       |       |       ||  1107
         Double sword      |       |       |       |       |       |   964 |   315 |   109 |   159 ||  1547
         Demon blade       |       |       |       |       |       |       |  1251 |  1728 |   807 ||  3786
   Fire: Longbow           |       |       |       |    14 |     9 |    90 |       |       |       ||   113
  Throw: Dart              |       |    11 |    15 |    13 |     2 |       |       |       |       ||    41
         Javelin           |       |       |       |    17 |     7 |    27 |    44 |    52 |    80 ||   227
 Invoke: Heroism           |       |     1 |     3 |     6 |     7 |    16 |     4 |    12 |    10 ||    59
         Finesse           |       |       |       |     2 |     4 |     5 |     4 |     9 |     7 ||    31
         Duel              |       |       |       |       |       |     1 |     1 |     1 |       ||     3
  Evoke: Wand              |       |       |       |     2 |       |       |       |       |     3 ||     5
         Lightning rod     |       |       |       |       |       |       |     3 |     2 |       ||     5
         Tin of tremorston |       |       |       |       |       |       |       |     3 |       ||     3
    Use: Scroll            |     5 |     9 |     4 |    10 |     6 |     6 |    16 |    12 |     8 ||    76
         Potion            |       |       |     1 |     1 |     2 |     6 |     6 |    17 |    11 ||    44
   Stab: Invisible         |       |       |     2 |       |       |       |       |       |       ||     2
         Confused          |       |       |       |       |     1 |       |       |     1 |       ||     2
 Armour: Scale mail        |    48 |    17 |       |       |       |       |       |       |       ||    65
         Chain mail        |       |    47 |   130 |   184 |     2 |       |       |       |       ||   363
         Plate armour      |       |       |       |       |   343 |   700 |   344 |   155 |       ||  1542
         Gold dragon scale |       |       |       |       |       |       |       |   248 |   186 ||   434
  Dodge: Dodged            |    52 |    54 |   123 |   355 |   722 |  1084 |   641 |   832 |   352 ||  4215
  Block: Buckler           |    23 |    24 |    22 |       |       |       |       |       |       ||    69
         Tower shield      |       |       |       |       |       |  1066 |  1415 |  1938 |   889 ||  5308
